 Dungeon Crawl Stone Soup version 0.30-a0-605-gb2882149bf (webtiles) character file.

Game seed: 16372692998299795531

4638 timneilson the Protected (level 10, -11/61 HPs)
             Began as a Gargoyle Fighter on Jan 8, 2023.
             Killed from afar by an acid dragon (26 damage)
             ... with a splash of acid
             ... on level 9 of the Dungeon.
             The game lasted 00:15:49 (6814 turns).

timneilson the Protected (Gargoyle Fighter)         Turns: 6814, Time: 00:15:50

Health: -11/61     AC: 14    Str: 20    XL:     10   Next: 43%
Magic:  10/10      EV:  9    Int: 10    God:
Gold:   645        SH: 12    Dex: 17    Spells: 9/9 levels left

rFire   + . .      SeeInvis .    g - +5 double sword "Reygad" {venom, rF+ Str-3 Dex+5}
rCold   + . .      Faith    .    c - +1 buckler
rNeg    + . .      Spirit   .    k - +3 chain mail of a sewer {Rampage Dex+3}
rPois   ∞          Reflect  +    (no helmet)
rElec   +          Harm     .    (no cloak)
rCorr   .          Rampage  +    (no gloves)
Will    +....                    z - +0 pair of boots Stlth
                                 v - amulet of reflection
HPRegen 0.30/turn                f - ring of protection from cold
MPRegen 0.12/turn                x - ring of willpower

@: corroded
A: sickness immunity, AC +7, negative energy resistance 1, electricity
resistance, torment resistance 1, petrification resistance
a: no special abilities


You were on level 9 of the Dungeon.
You visited 2 branches of the dungeon, and saw 10 of its levels.
You also visited: Ossuary.

You collected 645 gold pieces.

Inventory:

Hand Weapons
 a - a +1 long sword of protection
 g - the +5 double sword "Reygad" (weapon) {venom, rF+ Str-3 Dex+5}
   (You acquired it on level 1 of the Dungeon)

   Str:       It affects your strength (-3).
   Dex:       It affects your dexterity (+5).
   rF:        It protects you from fire.
Armour
 c - a +1 buckler (worn)
 h - a +0 plate armour
 k - the +3 chain mail of a sewer (worn) {Rampage Dex+3}
   (You found it on level 3 of the Dungeon)

   Dex:       It affects your dexterity (+3).
   Rampage:   It bestows one free step when moving towards enemies.
 z - a +0 pair of boots (worn)
Jewellery
 f - a ring of protection from cold (left hand)
 v - an amulet of reflection (around neck)
 x - a ring of willpower (right hand)
 F - a ring of flight
 G - a ring of positive energy
 I - a ring of see invisible
Wands
 b - a wand of mindburst (8)
 u - a wand of iceblast (4)
 E - a wand of digging (6)
Scrolls
 o - 3 scrolls of magic mapping
 p - 3 scrolls of fear
 t - 2 scrolls of teleportation
 w - 4 scrolls of amnesia
 y - 2 scrolls of enchant armour
 A - a scroll of silence
 C - a scroll of enchant weapon
 H - a scroll of identify
 J - a scroll of poison
Potions
 d - 3 potions of might
 e - 2 potions of lignification
 i - a potion of heal wounds
 j - 7 potions of curing
 l - 3 potions of haste
 m - 3 potions of attraction
 n - 3 potions of resistance
 q - 7 potions of mutation
 r - 4 potions of ambrosia
 s - a potion of cancellation {unknown}
 B - a potion of brilliance {unknown}
 D - a potion of flight {unknown}


   Skills:
 + Level 6.6 Fighting
 * Level 6.9 Long Blades
 * Level 8.7 Armour
 + Level 4.0 Dodging
 * Level 8.6 Shields
 + Level 2.8 Evocations


You had 9 spell levels left.
You didn't know any spells.
Your spell library contained the following spells:

 Spells                   Type           Power      Damage    Failure   Level
 Foxfire                  Conj/Fire      0%         2x1d4     98%         1
 Sting                    Tmut/Pois      0%         1d3       98%         1
 Ensorcelled Hibernation  Hex/Ice        0%         N/A       99%         2
 Passwall                 Tmut/Erth      0%         N/A       99%         2
 Poisonous Vapours        Pois/Air       0%         N/A       99%         2
 Gell's Gravitas          Tloc           0%         N/A       100%        3
 Lesser Beckoning         Tloc           0%         N/A       100%        3
 Swiftness                Air            0%         N/A       100%        3
 Teleport Other           Tloc           0%         N/A       100%        3
 Anguish                  Hex/Necr       0%         N/A       100%        4
 Olgreb's Toxic Radiance  Pois           0%         N/A       100%        4
 Fireball                 Conj/Fire      0%         3d3       100%        5
 Starburst                Conj/Fire      0%         6d3       100%        6
 Enfeeble                 Hex            0%         N/A       100%        7


Dungeon Overview and Level Annotations

Branches:
Dungeon (9/15)             Temple (1/1) D:6         Ossuary (visited)
   Lair: D:8-11         Orc: D:9-12

Altars:
Ashenzari
Cheibriados
Dithmenos
Elyvilon
Fedhas
Gozag
Hepliaklqana
Kikubaaqudgha
Makhleb
Nemelex Xobeh
Okawaru
Qazlal
Ru
Sif Muna
Trog
Uskayaw
Vehumet
Wu Jian
Xom
Yredelemnul
Zin
The Shining One

Shops:
D:4 :

Annotations:
D:3 exclusion: oklob plant


Innate Abilities, Weirdness & Mutations

You are immune to sickness and miasma.
Your stone body is resilient. (AC +7)
You are immune to poison.
You resist negative energy. (rN+)
You are resistant to electric shocks. (rElec)
You are resistant to unholy torment.
You are immune to petrification.


Message History

Items here: )) [ ††.
Okay, then.
HP restored.
Things that are here:
a +0 dagger; a +0 robe; an orc corpse You now have 645 gold pieces (gained 4).
G - a ring of positive energy
Things that are here:
a +0 dagger; a +0 robe; an orc corpse
Found a flail.
H - a scroll of identify
I - a ring of see invisible You have identified the last scroll.
Found 2 stones.
Found a scroll of immolation.
J - a scroll of poison You see here a scroll of immolation.
Found a stone staircase leading down.
An acid dragon comes into view.
The acid dragon roars!
You slash the acid dragon!
The acid dragon is heavily wounded.
You block the acid dragon's attack.
The acid dragon claws you but does no damage.
You hit the acid dragon but do no damage.
The acid dragon is heavily wounded.
The acid dragon spits acid at you. The splash of acid hits you!!
The acid corrodes you!
You barely miss the acid dragon.
The acid dragon is heavily wounded.
The acid dragon spits acid at you. The splash of acid hits you!!
* * * LOW HITPOINT WARNING * * *
The acid corrodes you!
You hear a shout!
You hit the acid dragon.
The acid dragon is severely wounded.
The acid dragon spits acid at you. The splash of acid hits you!!
You die...

...# ... ...# #.
.### #. ..#
.####.#.###.#
......#.....##
.######......# .#
#......# # .#
#......#####.# .#
#.........@..# .#
#........##D.#
.######......#.# ..#
.....?.......#>....#
.............#######
...(...#######
.....~.# .......#
.......#


You could see an acid dragon (catching breath).

Vanquished Creatures
  5 yaks (D:8)
  2 wyverns (D:8)
  2 steam dragons
  A sky beast (D:8)
  An orc warrior (D:9)
  A black bear (D:5)
  2 ogres
  A centaur (D:6)
  2 phantoms
  2 bullfrogs
  6 scorpions
  13 wights
  8 killer bees
  2 howler monkeys
  2 centaur zombies (Ossuary)
  A jelly (D:7)
  3 orc priests
  8 hounds
  3 iguanas
  8 orc wizards
  4 mummies (Ossuary)
  16 adders
  12 gnolls
  2 white imps
  An ufetubus (D:5)
  3 worms
  19 orcs
  4 endoplasms
  A giant cockroach (D:3)
  5 goblins
  7 hobgoblins
  3 jackals (D:2)
  10 kobolds
  2 quokkas (D:3)
  2 training dummies (D:5)
  8 ball pythons
  5 bats
  2 frilled lizards
  A gnoll zombie (Ossuary)
  A goblin skeleton (D:3)
  4 kobold zombies
  2 orc skeletons (D:3)
  4 orc zombies (Ossuary)
  9 rats
200 creatures vanquished.

Vanquished Creatures (others)
  12 plants (D:2)
12 creatures vanquished.

Grand Total: 212 creatures vanquished

Notes
Turn   | Place    | Note
-------+----------+-------------------------------------------
     0 | D:1      | timneilson the Gargoyle Fighter began the quest for the
                  | Orb.
     0 | D:1      | Reached XP level 1. HP: 14/14 MP: 1/1
   145 | D:1      | Reached XP level 2. HP: 19/19 MP: 2/2
   704 | D:1      | Identified a scroll of acquirement
   704 | D:1      | Acquired the +5 double sword "Reygad" {venom, rF+ Str-3
                  | Dex+5}
   735 | D:2      | Reached XP level 3. HP: 15/23 MP: 3/3
   775 | D:2      | Reached XP level 4. HP: 28/28 MP: 4/4
  1007 | D:2      | Reached skill level 1 in Dodging
  1007 | D:2      | Reached XP level 5. HP: 20/33 MP: 5/5
  1335 | D:2      | Found a faded altar of an unknown god.
  1492 | D:3      | Identified the +3 chain mail of a sewer {Rampage Dex+3}
  1520 | D:3      | Found an ancient bone altar of Kikubaaqudgha.
  1591 | D:3      | Found a glowing golden altar of the Shining One.
  1627 | D:3      | Reached XP level 6. HP: 34/38 MP: 6/6
  1630 | D:3      | Found an iron altar of Okawaru.
  1630 | D:3      | Found a shimmering altar of Xom.
  1939 | D:3      | Found a blossoming altar of Fedhas.
  1949 | D:3      | Noticed an oklob plant
  2475 | D:4      | Reached skill level 5 in Armour
  2489 | D:4      | Found a sparkling altar of Nemelex Xobeh.
  2552 | D:4      | You fall into a shaft and drop 2 floors!
  2569 | D:6      | Found a radiant altar of Vehumet.
  2595 | D:5      | Entered Level 5 of the Dungeon
  2613 | D:5      | Reached XP level 7. HP: 38/43 MP: 7/7
  2614 | D:5      | Reached skill level 5 in Shields
  2947 | D:4      | Found Jivueqinn's Book Emporium.
  3625 | D:5      | Noticed a steam dragon
  3630 | D:5      | Reached XP level 8. HP: 43/48 MP: 8/8
  3676 | D:5      | Reached skill level 5 in Fighting
  4076 | D:6      | Reached skill level 5 in Long Blades
  4238 | D:6      | Found a staircase to the Ecumenical Temple.
  4247 | Temple   | Entered the Ecumenical Temple
  4540 | D:6      | Reached XP level 9. HP: 30/54 MP: 9/9
  4721 | D:6      | Identified the +6 flail "Nifesk" {flame, Drain Will++}
  5192 | D:7      | Found a sand-covered staircase.
  5197 | Ossuary  | Entered an ossuary
  5346 | Ossuary  | Reached skill level 1 in Evocations
  6109 | D:8      | Reached XP level 10. HP: 46/60 MP: 10/10
  6340 | D:8      | Found an opulent altar of Gozag.
  6365 | D:8      | Found a transporter.
  6375 | D:8      | Found a transporter.
  6377 | D:8      | Found a transporter.
  6399 | D:8      | Found a transporter.
  6814 | D:9      | Killed from afar by an acid dragon

Illustrated notes

Levels and vault maps discovered:
D:1:      minmay_arrival_solitary_statue, layout_basic, serial_bayou_pond_c
D:2:      layout_rooms, shapermc_ecumenical_altar_mp_vishouse,
          wad_floor_pattern_2, nicolae_grassy_gnolls
D:3:      layout_loops_corners, tgw_fedhas, nicolae_tso_besieged_by_evil,
          mainiacjoe_overflow_boulevard, jmf_multi_god_temple
D:4:      layout_basic, nemelex_xobeh_ov_fountains_minmay, serial_shops,
          shop_fountains, nicolae_zen_rock_garden
D:5:      dreamdust_elfheim, layout_loops_cross, grunt_ministairs_3,
          chequers_serial_rivers_small_a, minmay_chambers_of_fives
D:6:      layout_basic, nicolae_overflow_crystal_walls,
          minmay_temple_entry_junction_2
D:7:      layout_basic, enter_ossuary_2
D:8:      layout_basic, grunt_gozag_breadcrumbs, nicolae_transporter_circle
D:9:      layout_basic
Temple:   minmay_temple_curvy_branch

Skill      XL: |  1  2  3  4  5  6  7  8  9 10 |
---------------+-------------------------------+-----
Long Blades    | 2 3 4 5 6 |  6.9
Armour         | 4 5 7 8 |  8.7
Shields        | 4 5 6 8 |  8.6
Dodging        | 1 2 3 4 |  4.0
Fighting       | 4 5 6 |  6.6
Evocations     | 2 |  2.8

Action                   |  1- 3 |  4- 6 |  7- 9 | 10-12 || total
-------------------------+-------+-------+-------+-------++-------
Melee: Long sword        |    66 |       |       |       ||    66
       Double sword      |     9 |   121 |   250 |    58 ||   438
  Use: Scroll            |     4 |     8 |    13 |       ||    25
       Potion            |       |       |     1 |       ||     1
Armor: Scale mail        |    59 |    70 |       |       ||   129
       Chain mail        |       |    35 |   112 |    24 ||   171
Dodge: Dodged            |    38 |    81 |    76 |     8 ||   203
Block: Buckler           |    16 |    39 |   151 |    37 ||   243
       Reflection        |       |       |     2 |       ||     2

Table legend: (Time is in decaauts)
 A = Elapsed time spent in this place.
 B = Non-inter-level travel time spent in this place.
 C = Inter-level travel time spent in this place.
 D = Time resting spent in this place.
 E = Time spent auto-exploring this place.
 F = Levels seen in this place.
 G = Mean time per level.
                   A        B        C        D        E       F      G
               +--------+--------+--------+--------+--------+-----+--------+
         Total |   6981 |   6771 |    210 |    117 |   4808 |  11 |  634.6 |
       Dungeon |   6549 |   6343 |    206 |    117 |   4471 |   9 |  727.7 |
        Temple |    251 |    247 |      4 |      0 |    242 |   1 |  251.0 |
       Ossuary |    180 |    180 |      0 |      0 |     95 |   1 |  180.0 |
               +--------+--------+--------+--------+--------+-----+--------+

Top non-repeatable levels by time:
     D:3: 971 daAuts
     D:6: 834 daAuts
     D:4: 833 daAuts
     D:5: 816 daAuts
     D:2: 772 daAuts
     D:7: 762 daAuts
     D:1: 755 daAuts
     D:8: 620 daAuts
  Temple: 251 daAuts
     D:9: 183 daAuts
 Ossuary: 180 daAuts
